 Dungeon Crawl Stone Soup version 0.29-a0-1033-gb6c65ffae6 (webtiles) character file.

Game seed: 9225273022667475081

4235 leavemydog the Thaumaturge (level 10, -12/50 HPs)
             Began as a Deep Elf Conjurer on Aug 14, 2022.
             Was an Initiate of Vehumet.
             Shot with a bolt by a tengu warrior (19 damage)
             ... on level 8 of the Dungeon.
             The game lasted 00:17:27 (10517 turns).

leavemydog the Thaumaturge (Deep Elf Conjurer)     Turns: 10517, Time: 00:17:28

Health: -12/50     AC: 14    Str:  4    XL:     10   Next: 9%
Magic:  13/27      EV: 12    Int: 30    God:    Vehumet [......]
Gold:   389        SH:  0    Dex: 13    Spells: 21/32 levels left

rFire   . . .      SeeInvis .   z - +3 mace of the Countless Tales {flame, rCorr Int+2}
rCold   . . .      Faith    .   (no shield)
rNeg    . . .      Spirit   .   a - +2 robe
rPois   .          Reflect  .   f - +2 helmet
rElec   .          Harm     .   (no cloak)
rCorr   +          Rampage  .   l - +2 pair of gloves
Will    +....                   (no boots)
Stlth   ++........              (no amulet)
HPRegen 0.16/turn               n - +4 ring of protection
MPRegen 0.20/turn               (no ring)

@: no status effects
A: no striking features
a: Renounce Religion


You were on level 8 of the Dungeon.
You worshipped Vehumet.
Vehumet was noncommittal.
You visited 2 branches of the dungeon, and saw 10 of its levels.
You also visited: Sewer.

You collected 389 gold pieces.

Inventory:

Hand Weapons
 z - the +3 mace of the Countless Tales (weapon) {flame, rCorr Int+2}
   (You found it on level 5 of the Dungeon)

   It burns those it strikes, dealing additional fire damage.
   Int:       It affects your intelligence (+2).
   rCorr:     It protects you from acid and corrosion.
Missiles
 k - a throwing net
Armour
 a - a +2 robe (worn)
 f - a +2 helmet (worn)
 l - a +2 pair of gloves (worn)
Jewellery
 m - an amulet of reflection
 n - a +4 ring of protection (left hand)
 D - a ring of willpower
 E - an amulet of regeneration
Wands
 w - a wand of flame (19)
 C - a wand of roots (8)
Scrolls
 e - 7 scrolls of teleportation
 o - 2 scrolls of enchant weapon
 p - a scroll of immolation {unknown}
 q - 3 scrolls of fear {unknown}
 v - 3 scrolls of vulnerability {unknown}
 y - 4 scrolls of noise {unknown}
 A - 2 scrolls of amnesia {unknown}
 B - a scroll of blinking
Potions
 b - 2 potions of magic
 c - 5 potions of curing
 d - a potion of mutation {unknown}
 g - 2 potions of lignification {unknown}
 h - 2 potions of heal wounds
 i - 2 potions of flight {unknown}
 j - 2 potions of ambrosia {unknown}
 r - a potion of attraction {unknown}
 s - 2 potions of might {unknown}
 t - 2 potions of resistance {unknown}
 u - 3 potions of brilliance {unknown}
 x - a potion of haste {unknown}


   Skills:
 + Level 0.1 Fighting
 - Level 0.8 Maces & Flails
 - Level 2.4 Dodging
 - Level 2.4 Stealth
 + Level 11.9 Spellcasting
 + Level 10.4 Conjurations
 * Level 5.9 Hexes
 * Level 6.5 Translocations


You had 21 spell levels left.
You knew the following spells:

 Your Spells              Type           Power      Damage    Failure   Level
a - Magic Dart            Conj           100%       1d8       1%          1
b - Searing Ray           Conj           100%       2d8       1%          2
c - Iskenderun's Mystic   Conj/Tloc      62%        2d13      1%          4
d - Fulminant Prism       Conj/Hex       30%        3d16      1%          4

Your spell library contained the following spells:

 Spells                   Type           Power      Damage    Failure   Level
 Apportation              Tloc           100%       N/A       1%          1
 Slow                     Hex            100%       N/A       1%          1
 Confusing Touch          Hex            52%        N/A       1%          3
 Dazzling Flash           Conj/Hex       100%       N/A       1%          3
 Necrotise                Necr           68%        1d7       3%          1
 Summon Small Mammal      Summ           68%        N/A       3%          1
 Vampiric Draining        Necr           17%        2d7       9%          3


Dungeon Overview and Level Annotations

Branches:
Dungeon (9/15)             Temple (1/1) D:6           Sewer (visited)
   Lair: D:8-11         Orc: D:9-12

Altars:
Cheibriados
Dithmenos
Elyvilon
Fedhas
Hepliaklqana
Kikubaaqudgha
Nemelex Xobeh
Qazlal
Sif Muna
Uskayaw
Vehumet
Wu Jian
Xom
Zin
The Shining One

Shops:
D:4 :   D:5 *=


Message History

Casting: Searing Ray (safe; 1% risk of failure)
Confirm with . or Enter, or press ? or * to list all spells.
Aiming: Searing Ray (safe; 1% risk of failure)
Press: ? - help, Shift-Dir - straight line, f/p - tengu warrior
Aim: a tengu warrior, wielding a +0 arbalest and wearing a +0 leather armour (heavily wounded, 68% to hit)
The searing ray hits the tengu warrior!
The tengu warrior is severely wounded.
The searing ray hits the orc!
You kill the orc!
Vehumet accepts your kill. (Press . to maintain the ray.)
An orc wizard comes into view. It is wielding a +0 flail.
The tengu warrior shoots a bolt.
The bolt hits you!
* * * LOW HITPOINT WARNING * * *
You feel much better.
The tengu warrior shoots a bolt.
The bolt completely misses you.
Casting: Searing Ray (safe; 1% risk of failure)
Confirm with . or Enter, or press ? or * to list all spells.
Aiming: Searing Ray (safe; 1% risk of failure)
Press: ? - help, Shift-Dir - straight line, f/p - tengu warrior
Aim: a tengu warrior, wielding a +0 arbalest and wearing a +0 leather armour (severely wounded, 68% to hit)
The searing ray hits the tengu warrior.
The tengu warrior is severely wounded. (Press . to maintain the ray.)
The searing ray hits the tengu warrior.
The tengu warrior is severely wounded.
The searing ray hits the orc wizard!
The orc wizard is almost dead.
The tengu warrior shoots a bolt.
The bolt hits you!
The searing ray hits the tengu warrior!
The tengu warrior is almost dead.
The searing ray hits the orc wizard!
You kill the orc wizard!
Vehumet accepts your kill.
The tengu warrior shoots a bolt.
The bolt hits you!
* * * LOW HITPOINT WARNING * * *
The searing ray misses the tengu warrior.
You finish channelling your searing ray.
The tengu warrior shoots a bolt.
The bolt hits you!!
You die...

....... #.# . #..
#...#... # ##..#.#..
..#[#.... .##.# ....#...
...# ..... ..... # ....).
.##.# #.##..)## #
###.##.##......Q# .# #
#.. ..........####.###
#.# #:....@....... ###.#
##....##.##### ....#
#.........###### ###)#
#.##.##......... # #.#
#.##.##.#....... #
#.########.##.##.#.######
###..........##.##.#.#
##.....<..##.##.##.#.#
##.#...##.##.#...#.#.#


You could see a tengu warrior.

Vanquished Creatures
  Joseph (D:7)
  A yak (D:8)
  Eustachio (D:6)
  A steam dragon (D:7)
  A water moccasin (D:8)
  Pargi (Sewer)
  Duvessa (D:6)
  3 black bears
  2 sky beasts (D:8)
  3 orc warriors
  4 centaurs
  2 phantoms
  A kobold brigand (D:8)
  3 bullfrogs
  7 scorpions
  Dowan (D:6)
  3 howler monkeys (D:7)
  4 hounds
  2 jellies
  5 orc priests
  A gnoll bouda (D:5)
  7 iguanas
  Jessica (D:2)
  Terence (D:2)
  10 orc wizards
  9 gnolls
  10 adders
  A white imp (D:5)
  3 ufetubi
  5 worms
  4 dart slugs
  16 orcs
  4 endoplasms
  4 giant cockroaches
  7 goblins
  6 hobgoblins
  4 jackals (D:2)
  12 kobolds
  5 quokkas
  11 ball pythons
  4 bats
  8 frilled lizards
  3 rats
183 creatures vanquished.

Vanquished Creatures (others)
  8 fulminant prisms
8 creatures vanquished.

Grand Total: 191 creatures vanquished

Notes
Turn   | Place    | Note
-------+----------+-------------------------------------------
     0 | D:1      | leavemydog the Deep Elf Conjurer began the quest for the
                  | Orb.
     0 | D:1      | Reached XP level 1. HP: 10/10 MP: 6/6
   248 | D:1      | Reached XP level 2. HP: 15/15 MP: 5/8
   253 | D:1      | Learned a level 2 spell: Searing Ray
   486 | D:1      | Reached skill level 5 in Conjurations
   966 | D:1      | Reached XP level 3. HP: 19/19 MP: 7/9
  1689 | D:2      | Reached XP level 4. HP: 24/24 MP: 5/11
  1738 | D:2      | Noticed Terence
  1743 | D:2      | Killed Terence
  1744 | D:2      | Reached skill level 4 in Spellcasting
  1749 | D:2      | Learned a level 4 spell: Iskenderun's Mystic Blast
  2040 | D:2      | Noticed Jessica
  2042 | D:2      | Killed Jessica
  2071 | D:2      | Found a faded altar of an unknown god.
  3154 | D:4      | Reached skill level 1 in Translocations
  3154 | D:4      | Reached XP level 5. HP: 27/28 MP: 8/13
  3361 | D:4      | Noticed a black bear
  3650 | D:4      | Reached skill level 5 in Spellcasting
  3704 | D:4      | Reached XP level 6. HP: 12/32 MP: 2/16
  3908 | D:4      | Reached skill level 6 in Spellcasting
  4184 | D:4      | Reached XP level 7. HP: 36/36 MP: 11/18
  4422 | D:4      | Found Hoegihec's Tremendous Tomes.
  4633 | D:5      | Entered Level 5 of the Dungeon
  4823 | D:5      | Found a glowing drain.
  4880 | D:5      | Reached skill level 7 in Spellcasting
  4894 | D:5      | Found Minacero's Lightly-Used Armoury.
  4952 | Sewer    | Entered a sewer
  5012 | Sewer    | Noticed Pargi
  5019 | Sewer    | Killed Pargi
  5287 | D:5      | Found Ziul Koa's Jewellery Shoppe.
  5344 | D:5      | Identified the +3 mace of the Countless Tales {flame, rCorr
                  | Int+2}
  5920 | D:5      | Reached skill level 8 in Spellcasting
  5920 | D:5      | Reached XP level 8. HP: 28/41 MP: 11/22
  6035 | D:5      | Learned a level 4 spell: Fulminant Prism
  6336 | D:5      | Reached skill level 1 in Hexes
  6585 | D:6      | Noticed Eustachio
  6594 | D:6      | Killed Eustachio
  6714 | D:6      | Reached skill level 9 in Spellcasting
  6929 | D:6      | You fall into a shaft and drop 3 floors!
  7352 | D:7      | Noticed Joseph
  7368 | D:7      | Killed Joseph
  7369 | D:7      | Reached skill level 5 in Translocations
  7369 | D:7      | Reached XP level 9. HP: 14/45 MP: 4/24
  7619 | D:7      | Reached skill level 10 in Spellcasting
  8333 | D:6      | Noticed Dowan
  8334 | D:6      | Noticed Duvessa
  8342 | D:6      | Killed Dowan
  8342 | D:6      | Killed Duvessa
  8416 | D:6      | Reached skill level 11 in Spellcasting
  8537 | D:6      | Found a staircase to the Ecumenical Temple.
  8546 | Temple   | Entered the Ecumenical Temple
  8554 | Temple   | Became a worshipper of Vehumet
  8751 | D:6      | Reached skill level 10 in Conjurations
  9090 | D:7      | Reached skill level 5 in Hexes
  9425 | D:7      | Found a glowing golden altar of the Shining One.
  9481 | D:8      | Noticed a cyclops
 10330 | D:8      | Reached XP level 10. HP: 49/50 MP: 22/27
 10501 | D:8      | Noticed a tengu warrior
 10517 | D:8      | Shot with a bolt by a tengu warrior

Illustrated notes

Levels and vault maps discovered:
D:1:      arrival_zaba_pyramid, layout_basic, minmay_misc_feat_plants,
          nrook_mini_backslash, st_stairs_1, minmay_misc_feat_columns,
          serial_bayou_crossing
D:2:      layout_basic, nicolae_ecumenical_lake_church, nicolae_titane,
          uniq_jessica, uniq_terence
D:3:      layout_basic
D:4:      layout_cave_pools, minmay_misc_feat_tower,
          nicolae_shop_i_like_big_books, minmay_circle_x
D:5:      layout_gridville, gup_sewer_entry_glass, small_statue_intersection,
          chequers_serial_rivers_micro_d, minmay_shop_damaged, glass_columns_c,
          kennysheep_small_square
D:6:      layout_loops_cross, temple_hall, uniq_duvessa, uniq_eustachio
D:7:      layout_basic, mainiacjoe_overflow_small_starburst, uniq_joseph
D:8:      cheibrodos_fzero, layout_loops_ring, mainiacjoe_overflow_alcove_4
D:9:      layout_basic, kennysheep_mini, trog_three_pillars_becter,
          mainiacjoe_overflow_paths, serial_corexii_hall,
          corexii_hall_statues_i, chequers_hall_statues_corner_a, uniq_harold
Temple:   nicolae_temple_two_arcs

Skill      XL: |  1  2  3  4  5  6  7  8  9 |
---------------+----------------------------+-----
Conjurations   | 5 6 7 8 9 10 | 10.4
Spellcasting   | 4 5 6 8 9 11 | 11.9
Translocations | 1 2 3 5 6 |  6.5
Hexes          | 3 5 |  5.9
Fighting       | |  0.1
Maces & Flails | |  0.8
Dodging        | |  2.4
Stealth        | |  2.4

Action                   |  1- 3 |  4- 6 |  7- 9 | 10-12 || total
-------------------------+-------+-------+-------+-------++-------
Melee: Unarmed           |     2 |       |       |       ||     2
       Mace              |       |       |     1 |       ||     1
 Cast: Magic Dart        |    76 |    89 |   228 |     4 ||   397
       Searing Ray       |     1 |     4 |    36 |     6 ||    47
       Iskenderun's Myst |       |       |     9 |       ||     9
       Fulminant Prism   |       |       |     7 |     1 ||     8
  Use: Scroll            |       |     4 |     6 |       ||    10
       Potion            |       |     1 |     2 |     1 ||     4
Armor: Robe              |     1 |     8 |    47 |     3 ||    59
Dodge: Dodged            |     2 |    23 |    74 |     4 ||   103

Table legend: (Time is in decaauts)
 A = Elapsed time spent in this place.
 B = Non-inter-level travel time spent in this place.
 C = Inter-level travel time spent in this place.
 D = Time resting spent in this place.
 E = Time spent auto-exploring this place.
 F = Levels seen in this place.
 G = Mean time per level.
                   A        B        C        D        E       F      G
               +--------+--------+--------+--------+--------+-----+--------+
         Total |  10566 |  10237 |    329 |   3345 |   5793 |  11 |  960.5 |
       Dungeon |  10104 |   9788 |    316 |   3246 |   5510 |   9 | 1122.7 |
        Temple |    122 |    109 |     13 |      0 |    102 |   1 |  122.0 |
         Sewer |    339 |    339 |      0 |     99 |    181 |   1 |  339.0 |
               +--------+--------+--------+--------+--------+-----+--------+

Top non-repeatable levels by time:
     D:7: 1808 daAuts
     D:5: 1499 daAuts
     D:6: 1285 daAuts
     D:2: 1180 daAuts
     D:1: 1175 daAuts
     D:3: 1154 daAuts
     D:4: 1129 daAuts
     D:8: 845 daAuts
   Sewer: 339 daAuts
  Temple: 122 daAuts
     D:9: 23 daAuts
